 Dungeon Crawl Stone Soup version 0.29.0-11-gd7f09526c8 (webtiles) character file.

Game seed: 17157500859816040867

21 apoch the Shield-Bearer (level 3, -5/28 (29) HPs)
             Began as a Formicid Fighter on Sept 5, 2022.
             Was a Follower of Elyvilon.
             Slain by Sigmund
             ... wielding a +0 scythe
              (6 damage)
             ... on level 2 of the Dungeon.
             The game lasted 00:01:20 (971 turns).

apoch the Shield-Bearer (Formicid Fighter)           Turns: 971, Time: 00:01:20

HP:   -5/28 (29)    AC:  9    Str: 22    XL:     3   Next: 2%
MP:   3/3           EV:  7    Int:  7    God:    Elyvilon [*.....]
Gold: 63            SH:  0    Dex: 13    Spells: 2/2 levels left

rFire   . . .      SeeInvis +   a - +0 trident
rCold   . . .      Faith    .   c - +0 buckler
rNeg    . . .      Spirit   .   e - +0 chain mail
rPois   .          Reflect  .   (helmet unavailable)
rElec   .          Harm     .   (no cloak)
rCorr   .          Rampage  .   (no gloves)
Will    .....                   (no boots)
Stlth   ..........              (no amulet)
HPRegen 0.09/turn               (no ring)
MPRegen 0.08/turn               (no ring)

@: confused, mighty, lightly drained
A: permanent stasis, dig shafts and tunnels, antennae 3, four strong arms
a: Dig, Shaft Self, Renounce Religion, Purification


You were on level 2 of the Dungeon.
You worshipped Elyvilon.
Elyvilon was aware of your devotion.
You visited 1 branch of the dungeon, and saw 2 of its levels.

You collected 63 gold pieces.

Inventory:

Hand Weapons
 a - a +0 trident (weapon)
Missiles
 l - 4 poisoned darts
Armour
 b - a +0 scale mail
 c - a +0 buckler (worn)
 e - a +0 chain mail (worn)
Jewellery
 h - a ring of ice
Scrolls
 g - a scroll of identify {unknown}
 i - 2 scrolls of immolation {unknown}
 m - a scroll of torment {unknown}
Potions
 d - a potion of might
 f - a potion of flight {unknown}
 j - a potion of mutation {unknown}


   Skills:
 + Level 3.6 Fighting
 + Level 2.3 Polearms
 + Level 3.6 Armour
 + Level 4.3 Shields


You had 2 spell levels left.
You didn't know any spells.
Your spell library was empty.

Dungeon Overview and Level Annotations

Branches:
Dungeon (2/15)

Altars:
Elyvilon

Annotations:
D:2 Sigmund


Innate Abilities, Weirdness & Mutations

You cannot be hasted, slowed, berserked, paralysed or teleported.
You can dig through walls and to a lower floor.
You have a pair of large antennae on your head. (SInv)
Your four strong arms can wield two-handed weapons with a shield.


Message History

You throw a stone. The stone closely misses Sigmund.
You feel very mighty all of a sudden. Sigmund casts a spell at you.
You are confused.
You miss Sigmund. Sigmund hits you with a +0 scythe.
Sigmund hits you with a +0 scythe.
You puncture Sigmund!
Sigmund is moderately wounded.
Sigmund hits you with a +0 scythe!
Sigmund points at you and mumbles some strange words.
The magic dart hits you but does no damage.
You closely miss Sigmund.
Sigmund is moderately wounded.
You feel less confused. Sigmund hits you but does no damage.
You closely miss Sigmund.
Sigmund is moderately wounded.
Sigmund points at you and mumbles some strange words.
The magic dart hits you.
You are too injured to fight recklessly!
You are too injured to fight recklessly!
You closely miss Sigmund.
Sigmund is moderately wounded.
Sigmund hits you but does no damage.
You closely miss Sigmund.
Sigmund is moderately wounded.
Sigmund gestures at you while chanting.
You are confused.
Sigmund hits you with a +0 scythe!
* * * LOW HITPOINT WARNING * * *
You hit Sigmund.
Sigmund is heavily wounded.
Sigmund hits you with a +0 scythe. Elyvilon protects you from harm!
You hit Sigmund.
Sigmund is severely wounded.
You barely miss Sigmund.
Sigmund is severely wounded.
Sigmund hits you with a +0 scythe.
You die...

#.# ######## #.#
#......# #.#
#..^...# #.#
#......###.#
#......#...#
#......#.###
#...@....#
#...@..###
....###+##.....#
.. .....# ....).
...>.# .....#
.....#


You could see Sigmund.

Vanquished Creatures
  A dart slug (D:1)
  A bat (D:1)
  3 endoplasms (D:1)
  A giant cockroach (D:1)
  A goblin (D:1)
  4 quokkas (D:1)
  A ball python (D:1)
  A frilled lizard (D:1)
  2 kobolds (D:1)
  A rat (D:1)
16 creatures vanquished.

Notes
Turn   | Place    | Note
-------+----------+-------------------------------------------
     0 | D:1      | apoch the Formicid Fighter began the quest for the Orb.
     0 | D:1      | Reached XP level 1. HP: 18/18 MP: 1/1
   307 | D:1      | Reached XP level 2. HP: 19/24 MP: 2/2
   606 | D:1      | Found a faded altar of an unknown god.
   638 | D:1      | Prayed at the altar of an unknown god.
   638 | D:1      | Became a worshipper of Elyvilon the Healer
   638 | D:1      | Reached * piety under Elyvilon
   892 | D:1      | Reached XP level 3. HP: 28/28 MP: 3/3
   953 | D:2      | Noticed Sigmund
   968 | D:2      | HP: 1/28 [Sigmund/+0 scythe (9)]
   969 | D:2      | Elyvilon protects you from harm!
   971 | D:2      | Slain by Sigmund

Illustrated notes

Levels and vault maps discovered:
D:1:      amcnicky_arrival_gap_in_the_tavern_cellar, layout_basic,
          hellmonk_ecumenical_altar_leap_of_faith
D:2:      layout_basic, nicolae_underground_beach, uniq_jessica, uniq_sigmund

Action                   || total
-------------------------++-------
Melee: Trident           ||    52
Throw: Stone             ||    11
 Abil: Dig               ||     1
  Use: Potion            ||     1
Armor: Chain mail        ||    17
Dodge: Dodged            ||    10
Block: Buckler           ||     7
